 Dungeon Crawl Stone Soup version 0.29-a0-330-g52719c12eb (webtiles) character file.

Game seed: 5756297909454561103

12420 Crownlay the Archer (level 11, -3/58 HPs)
             Began as a Spriggan Hunter on May 13, 2022.
             Was a Believer of Dithmenos.
             Killed from afar by a hell hound (15 damage)
             ... with a blast of flame
             ... led by Azrael
             ... on level 12 of the Dungeon.
             The game lasted 00:26:31 (12195 turns).

Crownlay the Archer (Spriggan Hunter)              Turns: 12195, Time: 00:26:32

Health: -3/58      AC:  7    Str:  7    XL:     11   Next: 62%
Magic:  12/12      EV: 29    Int: 11    God:    Dithmenos [**....]
Gold:   668        SH:  0    Dex: 23    Spells: 10/10 levels left

rFire   . . .      SeeInvis +   a - +2 shortbow (flame)
rCold   . . .      Faith    .   (shield currently unavailable)
rNeg    . . .      Spirit   .   K - +0 acid dragon scales
rPois   .          Reflect  .   (helmet restricted)
rElec   .          Harm     .   F - +0 cloak
rCorr   +          Rampage  .   (gloves unavailable)
Will    ++...                   (boots unavailable)
Stlth   +++++++...              (no amulet)
HPRegen 0.19/turn               J - +4 ring of evasion
MPRegen 0.13/turn               q - ring of willpower

@: hasted, wreathed by umbra, very quick
A: very small, no large weapons, unfitting armour, see invisible, speed 3
a: Renounce Religion, Shadow Step


You were on level 12 of the Dungeon.
You worshipped Dithmenos.
Dithmenos was pleased with you.
You visited 2 branches of the dungeon, and saw 15 of its levels.
You also visited: Ossuary.

You collected 668 gold pieces.

Inventory:

Hand Weapons
 a - a +2 shortbow of flaming (weapon)
Missiles
 H - 4 throwing nets
Armour
 C - +0 steam dragon scales
 F - a +0 cloak (worn)
 K - +0 acid dragon scales (worn)
Jewellery
 o - a ring of positive energy
 q - a ring of willpower (right hand)
 v - a ring of protection from cold
 B - a ring of fire
 J - a +4 ring of evasion (left hand)
Wands
 k - a wand of flame (32)
 n - a wand of paralysis (7)
 y - a wand of polymorph (8)
 A - a wand of acid (3)
 G - a wand of iceblast (11)
Scrolls
 b - a scroll of brand weapon
 c - 6 scrolls of immolation
 h - 3 scrolls of holy word
 j - 6 scrolls of enchant armour
 l - 3 scrolls of magic mapping
 p - 2 scrolls of summoning
 t - 4 scrolls of amnesia
 E - a scroll of fear
 I - a scroll of silence
 L - a scroll of blinking
Potions
 e - 5 potions of brilliance
 f - 2 potions of degeneration {unknown}
 g - 4 potions of might
 i - 6 potions of curing
 m - 2 potions of lignification {unknown}
 r - a potion of cancellation
 s - 4 potions of heal wounds {unknown}
 w - 3 potions of flight {unknown}
 x - a potion of magic {unknown}
 z - 5 potions of mutation {unknown}
 D - a potion of ambrosia


   Skills:
 + Level 7.3 Fighting
 * Level 14.7 Bows
 + Level 11.3 Dodging
 + Level 13.0 Stealth


You had 10 spell levels left.
You didn't know any spells.
Your spell library contained the following spells:

 Spells                   Type           Power      Damage    Failure   Level
 Beastly Appendage        Tmut           0%         N/A       56%         1
 Ensorcelled Hibernation  Hex/Ice        0%         N/A       71%         2
 Passwall                 Tmut/Erth      0%         N/A       71%         2
 Wereblood                Tmut           0%         N/A       71%         2
 Gell's Gravitas          Tloc           0%         N/A       90%         3
 Lesser Beckoning         Tloc           0%         N/A       90%         3
 Ozocubu's Armour         Ice            0%         N/A       90%         3
 Portal Projectile        Hex/Tloc       0%         N/A       90%         3
 Spider Form              Tmut/Pois      0%         N/A       90%         3
 Swiftness                Air            0%         N/A       90%         3
 Teleport Other           Tloc           0%         N/A       90%         3
 Hailstorm                Conj/Ice       0%         3d3       100%        4
 Ice Form                 Ice/Tmut       0%         N/A       100%        4
 Blade Hands              Tmut           0%         N/A       100%        5
 Excruciating Wounds      Necr           0%         N/A       100%        5
 Simulacrum               Ice/Necr       0%         N/A       100%        6
 Ozocubu's Refrigeration  Ice            0%         4d5       100%        7


Dungeon Overview and Level Annotations

Branches:
Dungeon (14/15)            Temple (1/1) D:7            Lair (0/6) D:10
    Orc (0/2) D:10        Ossuary (visited)
 Vaults: D:13-14

Altars:
Dithmenos
Hepliaklqana

Shops:
D:4 (   D:5 :

Annotations:
D:4 3 runed translucent doors, Crownlay's ghost, novice OpEE


Innate Abilities, Weirdness & Mutations

You are very small and have problems with some larger weapons.
You are too small for most types of armour.
You have supernaturally acute eyesight. (SInv)
You cover ground extremely quickly. (Speed+++)


Message History

Aim: a troll (severely wounded, umbra, 73% to hit)
You shoot an arrow. The arrow barely misses the troll.
The troll completely misses you. The troll misses you. x2
Shoot: a) +2 shortbow (flame)
Press: ? - help, Shift-Dir - straight line, f/p - troll
Aim: a troll (severely wounded, umbra, 73% to hit)
You shoot an arrow. The arrow hits the troll!
The arrow burns the troll.
The troll is almost dead.
The troll bites you.
* * * LOW HITPOINT WARNING * * *
The troll completely misses you. The troll misses you.
Shoot: a) +2 shortbow (flame)
Press: ? - help, Shift-Dir - straight line, f/p - troll
Aim: a troll (almost dead, umbra, 73% to hit)
You shoot an arrow. The arrow hits the troll!
The arrow burns the troll.
You kill the troll!
Dithmenos accepts your kill.
Your Stealth skill increases to level 13!
Shoot: a) +2 shortbow (flame)
Press: ? - help, Shift-Dir - straight line, f - hell hound
Aim: a hell hound (umbra, 66% to hit)
You shoot an arrow. The arrow hits the hell hound!
The hell hound is heavily wounded.
The boulder beetle curls into a ball and begins rolling!
The hell hound misses you.
Okay, then.
Okay, then.
You see here a +0 robe.
You are too injured to fight recklessly!
Shoot: a) +2 shortbow (flame)
Press: ? - help, Shift-Dir - straight line, f/p - hell hound
Aim: a hell hound (heavily wounded, umbra, 66% to hit)
You shoot an arrow. The arrow barely misses the hell hound.
The hell hound bites you.
* * * LOW HITPOINT WARNING * * *
You feel yourself speed up. The hell hound completely misses you.
The hell hound breathes flames at you.
The blast of flame hits the hell hound.
The hell hound completely resists.
The blast of flame hits you!
You die...

.≈≈≈ ≈≈≈≈≈≈≈≈≈≈≈°≈≈#
≈≈≈≈≈ ≈≈≈≈≈≈≈≈≈≈≈.≈≈#
≈≈≈≈≈ ...≈≈≈≈≈≈≈≈≈≈#
≈..≈≈ ...≈≈≈≈≈≈≈#h##
≈.... ......#≈.≈#h#
..... ..... #...#[#
..... ......#...#h#
..... ......#...#.#
#.. ..........@.#
#############...####
.................[...
#####################


You could see 3 hell hounds.

Vanquished Creatures
  2 hydras
  A two-headed ogre (D:10)
  A centaur warrior (D:9)
  Pikel (D:7)
  A lindwurm (shapeshifter) (D:14)
  A manticore (D:14)
  Maggie (D:6)
  A komodo dragon (D:10)
  2 trolls
  A shadow (D:7)
  A wraith (D:9)
  A wyvern (D:9)
  A yak (D:10)
  A centaur simulacrum (D:13)
  2 steam dragons
  A fire elemental (D:12)
  9 vampire mosquitoes
  4 acid dragons
  3 water moccasins (D:10)
  An orc warrior (D:9)
  A meliai simulacrum (D:14)
  A sky beast (D:5)
  3 black bears
  An ice beast (D:6)
  4 centaurs
  A lemure (D:7)
  A phantom (D:5)
  4 kobold brigands
  5 bullfrogs
  2 gnoll sergeants
  A necrophage (D:8)
  11 scorpions
  13 wights
  3 killer bees (D:10)
  5 howler monkeys
  2 electric eels
  3 jellies
  4 centaur zombies (Ossuary)
  3 hounds
  5 human zombies (Ossuary)
  An orc priest (D:9)
  6 scorpion zombies (Ossuary)
  Jessica (D:3)
  A gnoll shaman (D:10)
  3 iguanas
  4 orc wizards
  3 mummies (Ossuary)
  14 gnolls
  6 adders
  A white imp (D:7)
  2 ufetubi (D:5)
  3 worms
  A dart slug (D:4)
  37 orcs
  4 ball pythons
  5 endoplasms
  2 giant cockroaches (D:3)
  6 goblins
  3 hobgoblins
  41 kobolds
  A quokka (D:4)
  A bat (D:3)
  2 frilled lizards
  3 gnoll zombies (Ossuary)
  4 goblin zombies
  3 hobgoblin zombies (Ossuary)
  An orc zombie (Ossuary)
  6 rats
  A rat zombie (D:6)
275 creatures vanquished.

Vanquished Creatures (others)
  A human (D:13)
  2 kobolds (D:10)
  4 demonic plants (D:7)
  42 fungi (D:10)
  40 plants
89 creatures vanquished.

Grand Total: 364 creatures vanquished

Notes
Turn   | Place    | Note
-------+----------+-------------------------------------------
     0 | D:1      | Crownlay the Spriggan Hunter began the quest for the Orb.
     0 | D:1      | Reached XP level 1. HP: 10/10 MP: 2/2
   207 | D:1      | Reached skill level 5 in Bows
   316 | D:1      | Reached XP level 2. HP: 15/15 MP: 3/3
   800 | D:2      | Reached XP level 3. HP: 18/18 MP: 4/4
  1424 | D:3      | Noticed a scorpion
  1461 | D:3      | Killed a scorpion
  1462 | D:3      | Reached XP level 4. HP: 19/23 MP: 5/5
  1595 | D:3      | Noticed Jessica
  1598 | D:3      | Killed Jessica
  1599 | D:3      | Reached skill level 6 in Bows
  1669 | D:3      | Reached XP level 5. HP: 27/27 MP: 6/6
  1889 | D:4      | Found a runed translucent gate.
  1889 | D:4      | Found a runed translucent gate.
  1889 | D:4      | Found a runed translucent gate.
  1991 | D:4      | Identified the +0 flail of Inquiry {vorpal, *Rage *Slow
                  | rElec rPois}
  2260 | D:4      | Noticed Crownlay's ghost (novice OpEE)
  2261 | D:4      | Noticed an ice beast
  2281 | D:4      | Found Uloup's Weapon Shoppe.
  2480 | D:5      | Entered Level 5 of the Dungeon
  2555 | D:5      | Noticed a phantom
  2556 | D:5      | Noticed a sky beast
  2566 | D:5      | Reached XP level 6. HP: 25/32 MP: 7/7
  2694 | D:5      | Killed a sky beast
  2695 | D:5      | Reached skill level 7 in Bows
  2695 | D:5      | Reached skill level 5 in Stealth
  2727 | D:5      | Reached skill level 5 in Dodging
  3064 | D:5      | Found Fuet's Book Boutique.
  3073 | D:5      | Reached XP level 7. HP: 36/36 MP: 8/8
  3679 | D:6      | Found a sand-covered staircase.
  3691 | Ossuary  | Entered an ossuary
  3801 | Ossuary  | Reached skill level 8 in Bows
  4044 | Ossuary  | Reached XP level 8. HP: 30/42 MP: 9/9
  4415 | Ossuary  | Reached skill level 9 in Bows
  4852 | D:6      | Reached skill level 10 in Bows
  5417 | D:6      | Reached XP level 9. HP: 46/46 MP: 10/10
  5417 | D:6      | Noticed Maggie
  5437 | D:6      | Killed Maggie
  5713 | D:7      | Found a staircase to the Ecumenical Temple.
  5719 | Temple   | Entered the Ecumenical Temple
  5756 | Temple   | Became a worshipper of Dithmenos the Shadowed
  6100 | D:7      | Noticed Pikel
  6120 | D:7      | Killed Pikel
  6121 | D:7      | Reached skill level 5 in Fighting
  6121 | D:7      | Reached skill level 11 in Bows
  6859 | D:8      | Reached skill level 10 in Stealth
  7025 | D:8      | Reached * piety under Dithmenos
  7182 | D:8      | Reached XP level 10. HP: 52/52 MP: 11/11
  8017 | D:9      | Reached skill level 12 in Bows
  8721 | D:9      | Noticed a centaur warrior
  8733 | D:9      | Killed a centaur warrior
  9279 | D:10     | Entered Level 10 of the Dungeon
  9404 | D:10     | Found a staircase to the Lair.
  9436 | D:10     | Reached skill level 13 in Bows
  9481 | D:10     | Reached skill level 10 in Dodging
  9955 | D:10     | Reached ** piety under Dithmenos
 10254 | D:10     | Noticed a two-headed ogre
 10263 | D:10     | Killed a two-headed ogre
 10264 | D:10     | Reached XP level 11. HP: 58/58 MP: 12/12
 10459 | D:10     | Found a staircase to the Orcish Mines.
 10499 | D:10     | Found a hazy altar of Hepliaklqana.
 10838 | D:11     | You fall into a shaft and drop 3 floors!
 10879 | D:14     | Noticed a lindwurm
 10879 | D:14     | a komodo dragon changed into a lindwurm
 10882 | D:14     | Killed a lindwurm
 11085 | D:14     | Reached skill level 14 in Bows
 11168 | D:14     | Noticed a skeletal warrior
 11213 | D:14     | Noticed a seven-headed hydra
 11230 | D:14     | Killed a seven-headed hydra
 11272 | D:14     | Noticed a centaur warrior
 11294 | D:13     | Noticed a purple ugly thing
 11296 | D:13     | Noticed a boulder beetle
 11482 | D:13     | Noticed a centaur warrior
 11484 | D:13     | Noticed a harpy
 11771 | D:13     | Noticed a centaur warrior
 11779 | D:13     | Noticed a boulder beetle
 11790 | D:13     | Noticed a boulder beetle
 11790 | D:13     | Noticed a broodmother
 11791 | D:13     | Noticed an orc knight
 11802 | D:13     | Noticed a skeletal warrior
 11802 | D:13     | Noticed a skeletal warrior
 11803 | D:13     | Noticed a skeletal warrior
 11806 | D:13     | Noticed a skeletal warrior
 11817 | D:13     | Noticed a centaur warrior
 11938 | D:12     | Noticed a six-headed hydra
 11969 | D:12     | Killed a six-headed hydra
 12103 | D:12     | Noticed a boulder beetle
 12195 | D:12     | Killed from afar by a hell hound

Illustrated notes

Levels and vault maps discovered:
D:1:      amcnicky_arrival_double_pillar, layout_rooms,
          amcnicky_mini_rare_corridor_liquid, dreamdust_wishing_well,
          dk_noncrumbling_3, grunt_decor_one_mirror, minmay_misc_feat_diagonals
D:2:      layout_basic
D:3:      layout_rooms, uniq_jessica
D:4:      layout_basic, gammafunk_ghost_icy, serial_shops,
          nicolae_lakefront_shop
D:5:      layout_rooms, serial_shops, nicolae_diamond_shop,
          minmay_misc_feat_five, minmay_curled_crystal
D:6:      kennysheep_kobold_camp, layout_loops_ring, enter_ossuary_4,
          chequers_serial_rivers_large_a, uniq_maggie
D:7:      layout_loops_ring, temple_fountains, dreamdust_princess_corridor,
          grunt_ministairs_11, uniq_pikel
D:8:      layout_basic, minmay_crystal_water
D:9:      layout_loops_corners, hex_large
D:10:     layout_irregular_city, worldfamousw_hep_ancestral_shrine,
          due_lair_maze_entry_diamond, orc_0_dummy, roderic_cross_of_infinity,
          lemuel_old_faithful
D:11:     layout_basic, onia_ninara_cookie
D:12:     layout_basic, uniq_azrael, uniq_nessos
D:13:     minmay_the_grid_square_5x5_4x4 [minmay_the_grid_square_5x5_empty,
          minmay_the_grid_square_5x5_sharp_hourglass,
          minmay_the_grid_square_5x5_dogpile,
          minmay_the_grid_square_5x5_pentomino_r,
          minmay_the_grid_square_5x5_hollow_slash,
          minmay_the_grid_square_5x5_prize_waves,
          minmay_the_grid_square_5x5_prize_snowflake,
          minmay_the_grid_square_5x5_spiral_small,
          minmay_the_grid_square_5x5_half_checkered,
          minmay_the_grid_square_5x5_prize_junk,
          minmay_the_grid_square_5x5_prize_deathbox,
          minmay_the_grid_square_5x5_inner_i,
          minmay_the_grid_square_5x5_tetrominoes,
          minmay_the_grid_square_5x5_mess, minmay_the_grid_square_5x5_seven,
          minmay_the_grid_square_5x5_three], layout_cave_pools,
          ximxim_vaults_locker_room
D:14:     layout_basic, grunt_ministairs_2, nrook_mini_vaults, uniq_kirke
Temple:   mainiacjoe_temple_trianglar_array

Skill      XL: |  1  2  3  4  5  6  7  8  9 10 11 |
---------------+----------------------------------+-----
Bows           | 5 6 7 8 10 11 13 14 | 14.7
Stealth        | 2 3 4 5 6 8 10 12 13 | 13.0
Dodging        | 3 4 5 7 8 10 11 | 11.3
Fighting       | 2 3 4 5 6 7 |  7.3

Action                   |  1- 3 |  4- 6 |  7- 9 | 10-12 || total
-------------------------+-------+-------+-------+-------++-------
 Fire: Shortbow          |    77 |   120 |   494 |   502 ||  1193
Evoke: Wand              |       |       |     1 |     5 ||     6
  Use: Scroll            |     9 |     1 |     5 |    11 ||    26
       Potion            |       |       |       |     1 ||     1
Armor: Robe              |     2 |     1 |     3 |       ||     6
       Steam dragon scal |       |       |     3 |    13 ||    16
       Acid dragon scale |       |       |       |    10 ||    10
Dodge: Dodged            |    11 |    26 |   168 |   305 ||   510

Table legend: (Time is in decaauts)
 A = Elapsed time spent in this place.
 B = Non-inter-level travel time spent in this place.
 C = Inter-level travel time spent in this place.
 D = Time resting spent in this place.
 E = Time spent auto-exploring this place.
 F = Levels seen in this place.
 G = Mean time per level.
                   A        B        C        D        E       F      G
               +--------+--------+--------+--------+--------+-----+--------+
         Total |   9426 |   9203 |    223 |    782 |   6371 |  16 |  589.1 |
       Dungeon |   8432 |   8224 |    208 |    782 |   5719 |  14 |  602.3 |
        Temple |     39 |     25 |     14 |      0 |     19 |   1 |   39.0 |
       Ossuary |    955 |    955 |      0 |      0 |    632 |   1 |  955.0 |
               +--------+--------+--------+--------+--------+-----+--------+

Top non-repeatable levels by time:
    D:10: 1262 daAuts
     D:9: 1197 daAuts
 Ossuary: 955 daAuts
     D:6: 758 daAuts
     D:8: 719 daAuts
     D:7: 718 daAuts
     D:4: 712 daAuts
     D:5: 638 daAuts
     D:2: 546 daAuts
    D:13: 479 daAuts
    D:14: 365 daAuts
     D:3: 356 daAuts
    D:12: 351 daAuts
     D:1: 325 daAuts
  Temple: 39 daAuts
